AoeStats
← CharlesKap

Arena

509153347Analyzed
1v1 RM · 5d ago on Sep 25, 2026· 39m 29s· 2 players
Game mode
Random Map
Map size
Tiny (2 player)
Population
200
Speed
Normal
Resources
Standard
Victory
Conquest
Starting age
Dark Age
Ending age
Imperial Age
RankedLock teamsTeams togetherTeam positionsShared explorationLock speedFull tech treeHidden civsTurbo modeCheats
Victory
Defeat
🇨🇳 Slavs · China
1062
+19
🇫🇷 Britons · France
1118
-19
Echo
10:22 Feudal Age
11:45 Double-Bit Axe
14:04 Castle Age
15:32 Horse Collar
20:30 Heavy Plow
21:36 Loom
22:26 Wheelbarrow
23:05 Bow Saw
23:21 Husbandry
23:32 Bloodlines
24:09 Fletching
25:25 Gold Mining
27:26 Gold Shaft Mining
26:25 Light Cavalry
29:41 Imperial Age
27:28 Hand Cart
28:24 Ballistics
28:24 Scale Barding Armor
28:29 Forging
29:48 Chain Barding Armor
29:38 Forging
29:48 Chain Barding Armor
29:56 Capped Ram
32:08 Plate Barding Armor
31:45 Forging
32:30 Siege Engineers
32:59 Crop Rotation
33:55 Conscription
33:50 Hussar
35:16 Iron Casting
35:19 Elite Boyar
37:39 Blast Furnace
36:37 Bodkin Arrow
38:09 Chemistry
36:42 Cavalier
37:47 Siege Ram
CharlesKap
10:53 Feudal Age
12:37 Wheelbarrow
15:30 Castle Age
13:52 Fletching
14:05 Double-Bit Axe
14:02 Horse Collar
15:19 Gold Mining
16:06 Loom
17:02 Bow Saw
19:45 Heavy Plow
22:18 Bodkin Arrow
24:28 Padded Archer Armor
26:46 Gold Shaft Mining
27:31 Leather Archer Armor
30:17 Hand Cart
30:58 Ballistics
33:31 Imperial Age
33:13 Masonry
32:43 Treadmill Crane
33:22 Murder Holes
34:52 Conscription
34:54 Bracer
34:48 Pikeman
36:09 Ring Archer Armor
36:41 Chemistry
36:12 Architecture
36:14 Scale Mail Armor
37:33 Chain Mail Armor
39:17 Plate Mail Armor
Connection lost

Rejoining the realm…

Still unreachable

The connection could not be restored.

Session expired

The server has moved on; the page needs a fresh start.